 Seeded DCSS version 0.28-a0-1415-g7c84da036a (webtiles) character file.

Game seed: 1001837481477946641 (custom seed)

66 voltaire321 the Ducker (level 4, -1/35 HPs)
             Began as a Merfolk Gladiator on Jan 8, 2022.
             Frozen to death by an endoplasm (4 damage)
             ... on level 3 of the Dungeon.
             The game lasted 00:03:16 (2230 turns).

voltaire321 the Ducker (Merfolk Gladiator)          Turns: 2230, Time: 00:03:16

Health: -1/35      AC:  5    Str: 14    XL:     4   Next: 15%
Magic:  4/4        EV: 14    Int:  7    God:
Gold:   51         SH:  0    Dex: 17    Spells: 3/3 levels left

rFire   . . .      SeeInvis .   a - +0 long sword
rCold   . . .      Faith    .   (no shield)
rNeg    . . .      Spirit   .   b - +0 leather armour
rPois   .          Reflect  .   c - +0 helmet
rElec   .          Harm     .   l - +0 cloak
rCorr   .          Rampage  .   (no gloves)
Will    .....                   (no boots)
Stlth   +.........              (no amulet)
HPRegen 0.11/turn               (no ring)
MPRegen 0.09/turn               (no ring)

@: no status effects
A: (nimble swimmer 2), mertail
a: no special abilities


You were on level 3 of the Dungeon.
You visited 1 branch of the dungeon, and saw 3 of its levels.

You collected 51 gold pieces.

Inventory:

Hand Weapons
 a - a +0 long sword (weapon)
Missiles
 d - 3 throwing nets (quivered)
Armour
 b - a +0 leather armour (worn)
 c - a +0 helmet (worn)
 l - a +0 cloak (worn)
Scrolls
 k - 4 scrolls of identify
Potions
 e - a potion of magic {unknown}
 f - 2 potions of flight {unknown}
 g - a potion of degeneration {unknown}
 h - a potion of ambrosia {unknown}
 i - a potion of resistance {unknown}


   Skills:
 + Level 3.0 Fighting
 + Level 3.9 Long Blades
 + Level 2.7 Throwing
 + Level 4.7 Dodging


You had 3 spell levels left.
You didn't know any spells.
Your spell library was empty.

Dungeon Overview and Level Annotations

Branches:
Dungeon (3/15)

Altars:


Innate Abilities, Weirdness & Mutations

((You are very nimble when in or above water. (Stealth+, EV+, Speed+++)))
Your lower body shifts to a powerful aquatic tail in water.


Message History

You are frozen.
The endoplasm hits you but does no damage.
The frilled lizard barely misses you. The endoplasm closely misses you.
The endoplasm barely misses you. The frilled lizard barely misses you.
The endoplasm hits you. The endoplasm misses you.
The frilled lizard bites you but does no damage.
The endoplasm barely misses you. x2; The frilled lizard misses you.
The endoplasm freezes you.
You are frozen.
The endoplasm closely misses you.
The frilled lizard bites you but does no damage.
The endoplasm barely misses you. The endoplasm freezes you.
You are frozen.
The frilled lizard closely misses you. The endoplasm misses you.
The endoplasm barely misses you. The frilled lizard closely misses you.
The endoplasm closely misses you. x2
The frilled lizard bites you but does no damage.
The endoplasm hits you but does no damage.
The endoplasm closely misses you.
The frilled lizard completely misses you.
The endoplasm hits you. The endoplasm freezes you.
You are frozen.
The frilled lizard barely misses you. The endoplasm freezes you.
You are frozen.
The endoplasm hits you.
The frilled lizard bites you but does no damage.
The endoplasm closely misses you. The endoplasm freezes you.
You are frozen.
* * * LOW HITPOINT WARNING * * *
The frilled lizard misses you.
The endoplasm hits you but does no damage.
The endoplasm freezes you.
You are frozen.
* * * LOW HITPOINT WARNING * * *
The frilled lizard bites you but does no damage.
The endoplasm freezes you.
You are frozen.
You die...

#########
#.......#
#...!J..#
#..(§l@.#
+..≈≈≈J.+
#...≈...#
#.......#
#.......#
#########


You could see 2 endoplasms and a frilled lizard.

Vanquished Creatures
  A gnoll (D:2)
  2 adders (D:2)
  A worm (D:2)
  A dart slug (D:1)
  An orc (D:2)
  2 ball pythons
  A bat (D:1)
  An endoplasm (D:2)
  3 goblins
  5 hobgoblins (D:1)
  2 jackals (D:2)
  6 kobolds
  A quokka (D:2)
  3 frilled lizards (D:2)
  3 rats
33 creatures vanquished.

Notes
Turn   | Place    | Note
-------+----------+-------------------------------------------
     0 | D:1      | voltaire321 the Merfolk Gladiator began the quest for the
                  | Orb.
     0 | D:1      | Reached XP level 1. HP: 16/16 MP: 1/1
    79 | D:1      | Reached XP level 2. HP: 11/23 MP: 2/2
   875 | D:2      | Reached XP level 3. HP: 17/28 MP: 3/3
  1268 | D:2      | Found a faded altar of an unknown god.
  1984 | D:2      | Reached XP level 4. HP: 28/35 MP: 4/4
  2230 | D:3      | Frozen to death by an endoplasm

Illustrated notes

Levels and vault maps discovered:
D:1:      dpeg_arrival_long_road, layout_basic, serial_park_tiny_pond,
          minmay_misc_feat_tower, minmay_pentomino_q4
D:2:      layout_basic, shapermc_ecumenical_altar_starsandcircs,
          serial_park_tiny_pond, hangedman_glass_teeth, cheibrodos_gnoll_hut
D:3:      layout_basic, kennysheep_generic_room_8

Skill      XL: |  1  2  3 |
---------------+----------+-----
Fighting       | 3 |  3.0
Long Blades    | |  3.9
Throwing       | |  2.7
Dodging        | |  4.7

Action                   |  1- 3 |  4- 6 || total
-------------------------+-------+-------++-------
Melee: Long sword        |    92 |       ||    92
  Use: Scroll            |     1 |     2 ||     3
Armor: Leather armour    |    28 |    10 ||    38
Dodge: Dodged            |    88 |    24 ||   112

Table legend: (Time is in decaauts)
 A = Elapsed time spent in this place.
 B = Non-inter-level travel time spent in this place.
 C = Inter-level travel time spent in this place.
 D = Time resting spent in this place.
 E = Time spent auto-exploring this place.
 F = Levels seen in this place.
 G = Mean time per level.
                   A        B        C        D        E       F      G
               +--------+--------+--------+--------+--------+-----+--------+
         Total |   2249 |   2249 |      0 |    875 |   1000 |   3 |  749.7 |
       Dungeon |   2249 |   2249 |      0 |    875 |   1000 |   3 |  749.7 |
               +--------+--------+--------+--------+--------+-----+--------+

Top non-repeatable levels by time:
     D:2: 1350 daAuts
     D:1: 875 daAuts
     D:3: 23 daAuts
